AoeStats
← fbettan

Arena

504510896Analyzed
1v1 RM · 27d ago on Sep 5, 2026· 19m 46s· 2 players
Game mode
Random Map
Map size
Tiny (2 player)
Population
200
Speed
Normal
Resources
Standard
Victory
Conquest
Starting age
Dark Age
Ending age
Imperial Age
RankedLock teamsTeams togetherTeam positionsShared explorationLock speedFull tech treeHidden civsTurbo modeCheats
Victory
Defeat
🇨🇱 Sicilians · Chile
673
+32
🇹🇷 Goths · Türkiye
676
-16
fbettan
9:49 Loom
11:37 Feudal Age
16:12 Town Watch
16:42 Double-Bit Axe
👑 PRENS 🤴
12:17 Feudal Age
15:00 Double-Bit Axe
17:17 Man-at-Arms
22:03 Castle Age
Connection lost

Rejoining the realm…

Still unreachable

The connection could not be restored.

Session expired

The server has moved on; the page needs a fresh start.